 Dungeon Crawl Stone Soup version 0.21.1-1-g345015fe64 (webtiles) character file.

4986 Ivernyr the Vexing (level 10, 0/76 HPs)
             Began as a Gnoll Arcane Marksman on Mar 21, 2018.
             Was a Believer of Dithmenos.
             Slain by a killer bee (5 damage)
             ... on level 8 of the Dungeon.
             The game lasted 01:26:11 (11610 turns).

Ivernyr the Vexing (Gnoll Arcane Marksman)         Turns: 11610, Time: 01:26:11

Health: 0/76       AC:  6    Str: 13    XL:     10   Next: 54%
Magic:  11/19      EV: 21    Int: 15    God:    Dithmenos [**....]
Gold:   402        SH: 11    Dex: 23    Spells: 8/21 levels left

rFire    . . .     SeeInvis +   N - +6 trident of Zahirioc {elec, Dex+4 SInv}
rCold    . . .     Gourm    .   w - +2 buckler
rNeg     . . .     Faith    .   a - +0 robe
rPois    +         Spirit   .   t - +0 helmet
rElec    .         Reflect  +   M - +0 cloak
rCorr    .         Harm     .   (no gloves)
MR       .....                  x - +0 pair of boots
Stlth    ++++......             m - +3 amulet of reflection
HPRegen  0.22/turn              j - +3 ring of evasion
MPRegen  0.16/turn              P - ring of poison resistance (curse)

@: lethally poisoned (0 -> -2), wreathed by umbra
A: distributed training, fangs 1, strong nose
a: Shadow Step, Renounce Religion


You were on level 8 of the Dungeon.
You worshipped Dithmenos.
Dithmenos was pleased with you.
You were near starving.

You visited 2 branches of the dungeon, and saw 9 of its levels.

You collected 597 gold pieces.
You spent 195 gold pieces at shops.

Inventory:

Hand Weapons
 N - the +6 trident of Zahirioc (weapon) {elec, Dex+4 SInv}
   (You bought it in a shop on level 7 of the Dungeon)

   Occasionally, upon striking a foe, it will discharge some electrical energy
   and cause terrible harm.
   It affects your dexterity (+4).
   It lets you see invisible.
Missiles
 d - a throwing net (quivered)
 n - 23 poisoned needles
 J - 6 tomahawks
Armour
 a - a +0 robe (worn)
 g - a +2 hat
 t - a +0 helmet (worn)
 w - a +2 buckler (worn)
 x - a +0 pair of boots (worn)
 M - a +0 cloak (worn)
Jewellery
 j - a +3 ring of evasion (left hand)
 l - an uncursed ring of protection from magic
 m - a +3 amulet of reflection (around neck)
 F - an uncursed ring of wizardry
 G - an uncursed ring of protection from fire
 L - an uncursed ring of ice
 P - a cursed ring of poison resistance (right hand)
Wands
 O - a wand of acid (12)
Scrolls
 e - a scroll of noise {unknown}
 i - a scroll of magic mapping {unknown}
 p - 2 scrolls of remove curse
 q - 2 scrolls of teleportation {unknown}
 r - 2 scrolls of immolation {unknown}
 v - 6 scrolls of identify
 A - 2 scrolls of enchant armour {unknown}
 B - a scroll of blinking {unknown}
 E - a scroll of enchant weapon {unknown}
 H - a scroll of random uselessness {unknown}
 K - 2 scrolls of amnesia {unknown}
Potions
 h - 3 potions of brilliance {unknown}
 k - 3 potions of flight {unknown}
 o - a potion of agility {unknown}
 s - 2 potions of heal wounds
 u - 4 potions of curing {unknown}
 z - a potion of resistance {unknown}
 C - 2 potions of magic {unknown}
 D - 2 potions of might {unknown}
 I - 2 potions of lignification {unknown}
Books
 b - a book of Debilitation

   Spells                             Type                      Level
   a - Corona                         Hexes                        1
   b - Slow                           Hexes                        2
   c - Inner Flame                    Hexes/Fire                   3
   d - Portal Projectile              Hexes/Translocation          3
   e - Cause Fear                     Hexes                        4
   f - Leda's Liquefaction            Hexes/Earth                  4
 y - a book of Minor Magic

   Spells                             Type                      Level
   a - Magic Dart                     Conjuration                  1
   b - Blink                          Translocation                2
   c - Call Imp                       Summoning                    2
   d - Slow                           Hexes                        2
   e - Conjure Flame                  Conjuration/Fire             3
   f - Mephitic Cloud                 Conjuration/Poison/Air       3
Comestibles
 f - 14 rations


   Skills:
 + Level 5.9 Fighting
 + Level 5.2 Short Blades
 + Level 5.2 Long Blades
 + Level 5.2 Axes
 + Level 5.2 Maces & Flails
 + Level 5.2 Polearms
 + Level 5.2 Staves
 + Level 5.2 Slings
 + Level 5.2 Bows
 + Level 5.2 Crossbows
 + Level 7.1 Throwing
 + Level 5.2 Armour
 + Level 7.1 Dodging
 + Level 5.2 Stealth
 + Level 5.2 Shields
 + Level 5.2 Unarmed Combat
 + Level 6.0 Spellcasting
 + Level 4.3 Conjurations
 + Level 7.1 Hexes
 + Level 4.3 Charms
 + Level 4.3 Summonings
 + Level 4.3 Necromancy
 + Level 4.3 Translocations
 + Level 4.3 Transmutations
 + Level 4.3 Fire Magic
 + Level 4.3 Ice Magic
 + Level 4.3 Air Magic
 + Level 4.3 Earth Magic
 + Level 4.3 Poison Magic
 + Level 5.8 Invocations
 + Level 5.2 Evocations


You had 8 spell levels left.
You knew the following spells:

 Your Spells              Type           Power        Failure   Level  Hunger
a - Corona                Hex            ####...      1%          1    None
b - Portal Projectile     Hex/Tloc       ###...       4%          3    ##.....
c - Blink                 Tloc           N/A          3%          2    #......
d - Cause Fear            Hex            ####......   8%          4    ####...
e - Mephitic Cloud        Conj/Pois/Air  ###.....     8%          3    ##.....


Dungeon Overview and Level Annotations

Branches:
Dungeon (8/15)             Temple (1/1) D:5
   Lair: D:8-11

Altars:
Ashenzari
Cheibriados
Dithmenos
Elyvilon
Gozag
Hepliaklqana
Makhleb
Nemelex Xobeh
Okawaru
Qazlal
Ru
Sif Muna
Trog
Uskayaw
Vehumet
Xom
Yredelemnul
Zin

Shops:
D:7 *


Innate Abilities, Weirdness & Mutations

Your experience applies equally to all skills.
You have very sharp teeth.
Your uncanny sense of smell can sniff out nearby items.


Message History

The killer bee misses you. The killer bee completely misses you.
You hit the killer bee.
Lightning courses through the killer bee!
You kill the killer bee!
Dithmenos accepts your kill.
You feel sick. You block the killer bee's attack. The killer bee stings you.
* * * LOW HITPOINT WARNING * * *
Casting: Corona
Confirm with . or Enter, or press ? or * to list all spells.
Aiming: Corona
Press: ? - help, Shift-Dir - straight line, f - killer bee
Aim: a killer bee (umbra, chance to defeat MR: 73%)
The killer bee is outlined in light.
The killer bee misses you. x2
You hit the killer bee.
The killer bee is moderately wounded.
The killer bee barely misses you. The killer bee closely misses you.
You closely miss the killer bee. Your bite misses the killer bee.
The killer bee is moderately wounded.
The killer bee barely misses you. The killer bee stings you.
You die...

#.........# #.........#
#.........# #.........#####
###.######....# ##########
#.....##....# #..$.....#
#.....##....# #........#
#.....##....###.......?#
###.....'......@yy.!.....+
#.......#########........#
#..>.....................+ .
#..........######........#....
#..........# ##.....)(..#
#..........# #[........#
#..........# #.........#
#####......# #..........#
#......# #..........#


You could see 2 killer bees.

Vanquished Creatures
  A two-headed ogre (D:8)
  Joseph (D:8)
  2 steam dragons (D:5)
  Menkaure (D:6)
  2 water moccasins
  A sky beast (D:5)
  2 phantoms
  An eye of draining (D:8)
  4 ogres
  A centaur (D:7)
  3 big kobolds (D:3)
  4 bullfrogs
  2 scorpions
  10 killer bees
  4 howler monkeys
  3 bullfrog zombies
  A centaur zombie (D:6)
  4 crimson imps
  A bullfrog skeleton (D:7)
  4 hounds
  2 jellies
  5 orc priests
  Crazy Yiuf (D:6)
  A centaur skeleton (D:6)
  4 iguanas
  8 orc wizards
  3 worker ants
  4 hound skeletons
  18 gnolls
  9 adders
  A river rat (D:3)
  3 shadow imps
  An adder zombie (D:6)
  2 adder skeletons
  3 worms
  3 dart slugs
  4 leopard geckos
  18 orcs
  6 giant cockroaches
  5 goblins
  8 hobgoblins
  10 jackals
  A quokka (D:3)
  2 ball pythons (D:3)
  2 bats
  4 frilled lizards
  41 kobolds
  A leopard gecko skeleton (D:4)
  A quokka skeleton (D:6)
  9 rats
232 creatures vanquished.

Notes
Turn   | Place    | Note
-------+----------+-------------------------------------------
     0 | D:1      | Ivernyr the Gnoll Arcane Marksman began the quest for the Orb.
     0 | D:1      | Reached XP level 1. HP: 17/17 MP: 4/4
   286 | D:1      | Reached XP level 2. HP: 22/23 MP: 5/5
   874 | D:2      | Reached XP level 3. HP: 24/28 MP: 5/7
  1300 | D:2      | Reached skill level 1 in Invocations
  1305 | D:2      | Learned a level 3 spell: Portal Projectile
  1361 | D:2      | Reached skill level 1 in Short Blades
  1361 | D:2      | Reached skill level 1 in Long Blades
  1361 | D:2      | Reached skill level 1 in Axes
  1361 | D:2      | Reached skill level 1 in Maces & Flails
  1361 | D:2      | Reached skill level 1 in Polearms
  1361 | D:2      | Reached skill level 1 in Staves
  1361 | D:2      | Reached skill level 1 in Slings
  1361 | D:2      | Reached skill level 1 in Bows
  1361 | D:2      | Reached skill level 1 in Crossbows
  1361 | D:2      | Reached skill level 1 in Armour
  1361 | D:2      | Reached skill level 1 in Stealth
  1361 | D:2      | Reached skill level 1 in Shields
  1361 | D:2      | Reached skill level 1 in Unarmed Combat
  1361 | D:2      | Reached skill level 1 in Evocations
  1361 | D:2      | Reached XP level 4. HP: 15/34 MP: 4/8
  1960 | D:3      | Learned a level 2 spell: Blink
  2213 | D:3      | Noticed a big kobold
  2231 | D:3      | Killed a big kobold
  2231 | D:3      | Reached skill level 1 in Conjurations
  2231 | D:3      | Reached skill level 1 in Charms
  2231 | D:3      | Reached skill level 1 in Summonings
  2231 | D:3      | Reached skill level 1 in Necromancy
  2231 | D:3      | Reached skill level 1 in Translocations
  2231 | D:3      | Reached skill level 1 in Transmutations
  2231 | D:3      | Reached skill level 1 in Fire Magic
  2231 | D:3      | Reached skill level 1 in Ice Magic
  2231 | D:3      | Reached skill level 1 in Air Magic
  2231 | D:3      | Reached skill level 1 in Earth Magic
  2231 | D:3      | Reached skill level 1 in Poison Magic
  2231 | D:3      | Reached XP level 5. HP: 18/40 MP: 9/9
  2495 | D:3      | HP: 1/41 [kobold/club (3)]
  2878 | D:3      | Reached XP level 6. HP: 28/47 MP: 8/10
  3572 | D:3      | Reached skill level 5 in Throwing
  3572 | D:3      | Reached skill level 5 in Dodging
  3998 | D:3      | Reached XP level 7. HP: 25/52 MP: 12/12
  4413 | D:4      | Found a shattered altar of Ashenzari.
  5128 | D:4      | Reached XP level 8. HP: 24/60 MP: 11/14
  5469 | D:4      | Found a stormy altar of Qazlal.
  6001 | D:5      | Entered Level 5 of the Dungeon
  6019 | D:5      | Found an opulent altar of Gozag.
  6413 | D:5      | Found a staircase to the Ecumenical Temple.
  6724 | Temple   | Entered the Ecumenical Temple
  6805 | Temple   | Became a worshipper of Dithmenos the Shadowed
  7173 | D:5      | Reached XP level 9. HP: 45/66 MP: 14/16
  7580 | D:6      | Reached skill level 5 in Spellcasting
  7815 | D:5      | Reached * piety under Dithmenos
  7829 | D:6      | Noticed Menkaure
  8360 | D:5      | Reached skill level 5 in Fighting
  9105 | D:6      | Killed Menkaure
  9355 | D:6      | HP: 2/68 [electric eel/bolt of electricity (9)]
  9790 | D:6      | Found a deep blue altar of Sif Muna.
  9860 | D:6      | Found a runed door.
  9864 | D:6      | Noticed Crazy Yiuf
  9871 | D:6      | Killed Crazy Yiuf
 10204 | D:7      | Reached skill level 5 in Invocations
 10247 | D:7      | Found Kugesidgh's Assorted Antiques.
 10255 | D:7      | Bought a crystal trident for 195 gold pieces
 10256 | D:7      | Identified the +6 trident of Zahirioc {elec, Dex+4 SInv} (You bought it in a shop on level 7 of the Dungeon)
 10462 | D:6      | Reached XP level 10. HP: 37/74 MP: 12/18
 10823 | D:6      | Reached ** piety under Dithmenos
 11451 | D:8      | Noticed a two-headed ogre
 11460 | D:8      | Killed a two-headed ogre
 11460 | D:8      | Reached skill level 5 in Short Blades
 11460 | D:8      | Reached skill level 5 in Long Blades
 11460 | D:8      | Reached skill level 5 in Axes
 11460 | D:8      | Reached skill level 5 in Maces & Flails
 11460 | D:8      | Reached skill level 5 in Polearms
 11460 | D:8      | Reached skill level 5 in Staves
 11460 | D:8      | Reached skill level 5 in Slings
 11460 | D:8      | Reached skill level 5 in Bows
 11460 | D:8      | Reached skill level 5 in Crossbows
 11460 | D:8      | Reached skill level 5 in Armour
 11460 | D:8      | Reached skill level 5 in Stealth
 11460 | D:8      | Reached skill level 5 in Shields
 11460 | D:8      | Reached skill level 5 in Unarmed Combat
 11460 | D:8      | Reached skill level 5 in Evocations
 11527 | D:8      | Learned a level 4 spell: Cause Fear
 11531 | D:8      | Learned a level 3 spell: Mephitic Cloud
 11567 | D:8      | Noticed Joseph
 11585 | D:8      | Killed Joseph
 11610 | D:8      | Slain by a killer bee

Skill      XL: |  1  2  3  4  5  6  7  8  9 10 |
---------------+-------------------------------+-----
Invocations    | 1 2 3 4 5 |  5.8
Short Blades   | 1 2 3 4 5 |  5.2
Long Blades    | 1 2 3 4 5 |  5.2
Axes           | 1 2 3 4 5 |  5.2
Maces & Flails | 1 2 3 4 5 |  5.2
Polearms       | 1 2 3 4 5 |  5.2
Staves         | 1 2 3 4 5 |  5.2
Slings         | 1 2 3 4 5 |  5.2
Bows           | 1 2 3 4 5 |  5.2
Crossbows      | 1 2 3 4 5 |  5.2
Armour         | 1 2 3 4 5 |  5.2
Stealth        | 1 2 3 4 5 |  5.2
Shields        | 1 2 3 4 5 |  5.2
Unarmed Combat | 1 2 3 4 5 |  5.2
Evocations     | 1 2 3 4 5 |  5.2
Spellcasting   | 3 4 5 6 |  6.0
Conjurations   | 1 2 3 4 |  4.3
Charms         | 1 2 3 4 |  4.3
Summonings     | 1 2 3 4 |  4.3
Necromancy     | 1 2 3 4 |  4.3
Translocations | 1 2 3 4 |  4.3
Transmutations | 1 2 3 4 |  4.3
Fire Magic     | 1 2 3 4 |  4.3
Ice Magic      | 1 2 3 4 |  4.3
Air Magic      | 1 2 3 4 |  4.3
Earth Magic    | 1 2 3 4 |  4.3
Poison Magic   | 1 2 3 4 |  4.3
Fighting       | 3 4 5 |  5.9
Throwing       | 5 6 7 |  7.1
Dodging        | 5 6 7 |  7.1
Hexes          | 6 7 |  7.1

Action                   |  1- 3 |  4- 6 |  7- 9 | 10-12 || total
-------------------------+-------+-------+-------+-------++-------
Melee: Spear             |   113 |     8 |       |       ||   121
       Bite              |    10 |    26 |    59 |    11 ||   106
       Whip              |       |   284 |   475 |       ||   759
       Punch             |       |     2 |     5 |       ||     7
       Trident           |       |       |    22 |    73 ||    95
Throw: Javelin           |       |       |     5 |     4 ||     9
       Throwing net      |       |       |       |     2 ||     2
 Cast: Corona            |    15 |    13 |    59 |    10 ||    97
       Blink             |       |     2 |     2 |       ||     4
       Portal Projectile |       |       |     1 |     1 ||     2
  Use: Scroll            |       |       |     2 |       ||     2
 Stab: Sleeping          |     1 |     5 |    11 |     2 ||    19
       Distracted        |       |     1 |     1 |       ||     2
  Eat: Chunk             |     1 |     8 |    15 |     3 ||    27
       Ration            |       |       |     2 |       ||     2
Armor: Robe              |     5 |    40 |    44 |     7 ||    96
Dodge: Dodged            |    80 |   279 |   452 |    69 ||   880
Block: Other             |     7 |    46 |    47 |       ||   100
       Reflection        |       |     3 |     1 |     4 ||     8
       Buckler           |       |       |   111 |    59 ||   170
